[ AOE2 MATCH · #505947547 ]
UnrankedHuns vs Bulgarians
Player's team · LOSS
Rival team · WIN
[ REPLAY ANALYSIS · EXTRACTED FROM THE RECORDED GAME ]
Feudal
10:23
Castle
25:39
Imperial
—
| APM avg | 73.0 |
| APM peak | 102 |
| eAPM avg | 35.6 |
| Villagers / military | 54 / 59 |
Focus
⚔️ 37.9% · 🌾 62.1%
Archer ×34 · Knight ×12 · Skirmisher ×8 · Militia ×5
Feudal
9:44
Castle
27:28
Imperial
—
| APM avg | 61.3 |
| APM peak | 91 |
| eAPM avg | 34.8 |
| Villagers / military | 63 / 63 |
Focus
⚔️ 24.7% · 🌾 75.3%
Militia ×39 · Skirmisher ×24
Match map
Initial resources + every placement click. Lines = walls · curves = elevation contours. ◆ gold · ⬟ stone · ● berries · ✦ relic · ◌ wall gap
Your base· Open — unwalled flank
frankee's base· Open — unwalled flank
Smoothed initial terrain · ◌ = detected wall gap · hover for details
Inputs per minute
— Pedro - - frankee
Build order — Pedro
First 150 of 196 actions detected
| 0:00 | Queue | Villager (Male) |
| 0:00 | Queue | Villager (Male) |
| 0:00 | Queue | Villager (Male) |
| 0:07 | Queue | Villager (Male) |
| 1:19 | Queue | Villager (Male) |
| 1:43 | Queue | Villager (Male) |
| 1:48 | Build | Lumber Camp |
| 2:16 | Queue | Villager (Male) |
| 2:16 | Queue | Villager (Male) |
| 2:47 | Queue | Villager (Male) |
| 3:00 | Queue | Villager (Male) |
| 3:25 | Queue | Villager (Male) |
| 4:03 | Queue | Villager (Male) |
| 4:24 | Queue | Villager (Male) |
| 4:26 | Queue | Villager (Male) |
| 4:50 | Queue | Villager (Male) |
| 5:07 | Build | Barracks |
| 5:19 | Queue | Villager (Male) |
| 5:30 | Queue | Villager (Male) |
| 5:59 | Build | Mill |
| 6:08 | Queue | Militia |
| 6:09 | Queue | Militia |
| 6:11 | Queue | Villager (Male) |
| 6:17 | Queue | Villager (Male) |
| 6:27 | Queue | Militia |
| 6:27 | Queue | Militia |
| 6:39 | Queue | Villager (Male) |
| 6:46 | Queue | Militia |
| 6:51 | Queue | Villager (Male) |
| 7:09 | Research | Loom |
| 8:13 | Research | Feudal Age |
| 8:13 | Research | Feudal Age |
| 8:44 | Queue | Villager (Male) |
| 8:53 | Build | Lumber Camp |
| 9:04 | Queue | Villager (Male) |
| 9:56 | Build | Mining Camp |
| 9:59 | Queue | Villager (Male) |
| 10:14 | Queue | Villager (Male) |
| 10:23 | Age | Feudal Age |
| 10:30 | Build | Archery Range |
| 10:36 | Build | Watch Tower |
| 10:38 | Queue | Villager (Male) |
| 10:41 | Research | Double-Bit Axe |
| 10:42 | Research | Double-Bit Axe |
| 10:49 | Queue | Villager (Male) |
| 10:56 | Queue | Villager (Male) |
| 11:12 | Build | Palisade Gate |
| 11:14 | Queue | Archer |
| 11:20 | Build | Palisade Gate |
| 11:29 | Queue | Villager (Male) |
| 11:32 | Queue | Archer |
| 11:36 | Queue | Villager (Male) |
| 11:40 | Build | Palisade Wall |
| 11:43 | Build | Palisade Wall |
| 11:44 | Build | Palisade Wall |
| 11:51 | Queue | Villager (Male) |
| 12:05 | Build | Palisade Wall |
| 12:07 | Build | Palisade Wall |
| 12:18 | Queue | Archer |
| 12:19 | Queue | Villager (Male) |
| 12:23 | Build | Palisade Wall |
| 12:24 | Build | Palisade Wall |
| 12:25 | Build | Palisade Wall |
| 12:26 | Build | Palisade Wall |
| 12:26 | Build | Palisade Wall |
| 12:27 | Queue | Villager (Male) |
| 12:42 | Queue | Archer |
| 12:42 | Queue | Archer |
| 13:22 | Queue | Villager (Male) |
| 13:50 | Queue | Villager (Male) |
| 13:52 | Build | Archery Range |
| 14:00 | Queue | Archer |
| 14:00 | Queue | Archer |
| 14:00 | Queue | Archer |
| 14:17 | Build | Farm |
| 14:28 | Queue | Villager (Male) |
| 14:32 | Build | Farm |
| 14:33 | Build | Farm |
| 14:33 | Build | Farm |
| 14:33 | Build | Farm |
| 14:48 | Queue | Archer |
| 14:48 | Queue | Archer |
| 14:49 | Queue | Archer |
| 15:05 | Queue | Villager (Male) |
| 15:09 | Queue | Archer |
| 15:10 | Queue | Archer |
| 15:26 | Build | Farm |
| 15:33 | Queue | Archer |
| 15:33 | Queue | Archer |
| 15:53 | Queue | Archer |
| 15:53 | Queue | Archer |
| 16:02 | Queue | Archer |
| 16:07 | Queue | Villager (Male) |
| 16:22 | Build | Blacksmith |
| 16:25 | Queue | Archer |
| 16:26 | Queue | Archer |
| 16:47 | Queue | Archer |
| 16:48 | Queue | Villager (Male) |
| 16:51 | Build | Farm |
| 17:00 | Queue | Archer |
| 17:12 | Build | Farm |
| 17:29 | Build | Farm |
| 17:31 | Build | Farm |
| 17:36 | Research | Fletching |
| 17:36 | Research | Fletching |
| 17:40 | Build | Farm |
| 17:47 | Queue | Archer |
| 17:47 | Queue | Archer |
| 17:49 | Build | Farm |
| 17:51 | Build | Farm |
| 18:01 | Build | Farm |
| 18:01 | Queue | Villager (Male) |
| 18:14 | Build | Farm |
| 18:18 | Queue | Villager (Male) |
| 18:24 | Queue | Archer |
| 18:25 | Queue | Archer |
| 18:29 | Queue | Archer |
| 18:29 | Queue | Archer |
| 18:38 | Queue | Villager (Male) |
| 18:40 | Build | Farm |
| 18:42 | Build | Farm |
| 18:55 | Queue | Skirmisher |
| 18:57 | Queue | Villager (Male) |
| 19:00 | Build | Farm |
| 19:01 | Queue | Skirmisher |
| 19:02 | Queue | Skirmisher |
| 19:11 | Queue | Skirmisher |
| 19:13 | Queue | Villager (Male) |
| 19:22 | Research | Padded Archer Armor |
| 19:23 | Research | Padded Archer Armor |
| 19:26 | Queue | Skirmisher |
| 19:26 | Queue | Skirmisher |
| 19:41 | Queue | Villager (Male) |
| 19:42 | Queue | Archer |
| 19:43 | Queue | Archer |
| 19:51 | Queue | Archer |
| 19:52 | Queue | Archer |
| 19:52 | Queue | Archer |
| 19:56 | Queue | Villager (Male) |
| 20:03 | Queue | Villager (Male) |
| 20:11 | Build | Farm |
| 20:30 | Build | Farm |
| 20:37 | Queue | Villager (Male) |
| 20:44 | Build | Palisade Wall |
| 20:46 | Build | Palisade Wall |
| 20:49 | Build | Palisade Wall |
| 20:51 | Build | Palisade Wall |
| 20:52 | Build | Palisade Wall |
| 20:55 | Build | Palisade Wall |
| 21:01 | Build | Palisade Gate |
Build order — frankee
First 150 of 220 actions detected
| 0:02 | Queue | Villager (Male) |
| 0:02 | Queue | Villager (Male) |
| 0:02 | Queue | Villager (Male) |
| 0:03 | Build | House |
| 0:04 | Build | House |
| 0:25 | Queue | Villager (Male) |
| 0:25 | Queue | Villager (Male) |
| 1:28 | Queue | Villager (Male) |
| 1:29 | Queue | Villager (Male) |
| 1:51 | Queue | Villager (Male) |
| 1:56 | Build | Lumber Camp |
| 2:27 | Queue | Villager (Male) |
| 2:56 | Queue | Villager (Male) |
| 2:56 | Queue | Villager (Male) |
| 3:15 | Build | House |
| 3:17 | Queue | Villager (Male) |
| 3:17 | Queue | Villager (Male) |
| 3:39 | Queue | Villager (Male) |
| 3:39 | Queue | Villager (Male) |
| 4:13 | Queue | Villager (Male) |
| 4:13 | Queue | Villager (Male) |
| 4:20 | Build | Mill |
| 4:46 | Queue | Villager (Male) |
| 4:46 | Queue | Villager (Male) |
| 5:20 | Queue | Villager (Male) |
| 5:20 | Queue | Villager (Male) |
| 5:46 | Queue | Villager (Male) |
| 5:47 | Research | Loom |
| 6:00 | Queue | Villager (Male) |
| 6:20 | Research | Loom |
| 6:26 | Build | House |
| 7:28 | Build | Barracks |
| 7:32 | Research | Feudal Age |
| 7:33 | Research | Feudal Age |
| 8:00 | Build | Mining Camp |
| 8:13 | Build | House |
| 8:15 | Queue | Villager (Male) |
| 8:23 | Build | House |
| 8:38 | Build | Palisade Wall |
| 8:47 | Queue | Militia |
| 8:47 | Queue | Militia |
| 8:54 | Build | House |
| 9:01 | Build | Palisade Wall |
| 9:03 | Queue | Villager (Male) |
| 9:12 | Queue | Militia |
| 9:43 | Queue | Villager (Male) |
| 9:44 | Age | Feudal Age |
| 9:48 | Research | Double-Bit Axe |
| 9:48 | Research | Double-Bit Axe |
| 9:56 | Queue | Villager (Male) |
| 10:02 | Queue | Militia |
| 10:22 | Queue | Villager (Male) |
| 10:50 | Queue | Villager (Male) |
| 11:10 | Queue | Villager (Male) |
| 11:28 | Build | Archery Range |
| 11:33 | Queue | Villager (Male) |
| 11:49 | Queue | Villager (Male) |
| 12:17 | Queue | Villager (Male) |
| 12:26 | Build | Lumber Camp |
| 12:51 | Queue | Villager (Male) |
| 12:51 | Queue | Villager (Male) |
| 12:58 | Queue | Skirmisher |
| 12:58 | Queue | Skirmisher |
| 13:08 | Queue | Villager (Male) |
| 13:16 | Queue | Villager (Male) |
| 13:27 | Queue | Skirmisher |
| 13:35 | Build | Farm |
| 13:37 | Build | Farm |
| 13:57 | Queue | Villager (Male) |
| 13:59 | Build | Farm |
| 14:03 | Build | Farm |
| 14:05 | Build | Farm |
| 14:05 | Queue | Villager (Male) |
| 14:27 | Queue | Skirmisher |
| 14:27 | Queue | Skirmisher |
| 14:29 | Queue | Villager (Male) |
| 14:32 | Build | Farm |
| 14:46 | Queue | Skirmisher |
| 14:54 | Build | Farm |
| 14:55 | Build | House |
| 15:09 | Queue | Skirmisher |
| 15:14 | Build | House |
| 15:16 | Queue | Villager (Male) |
| 15:20 | Build | Farm |
| 15:41 | Queue | Militia |
| 15:41 | Queue | Militia |
| 15:45 | Queue | Villager (Male) |
| 15:52 | Build | Farm |
| 15:54 | Build | House |
| 16:13 | Build | Farm |
| 16:14 | Build | Farm |
| 16:14 | Queue | Villager (Male) |
| 16:19 | Build | House |
| 16:34 | Queue | Villager (Male) |
| 16:36 | Build | Farm |
| 16:38 | Build | Farm |
| 16:51 | Queue | Villager (Male) |
| 16:52 | Queue | Skirmisher |
| 16:53 | Queue | Skirmisher |
| 16:58 | Build | House |
| 17:02 | Build | Farm |
| 17:05 | Build | Farm |
| 17:16 | Build | Blacksmith |
| 17:16 | Queue | Villager (Male) |
| 17:22 | Build | Farm |
| 17:25 | Queue | Militia |
| 17:25 | Queue | Militia |
| 17:33 | Build | Farm |
| 17:49 | Build | Farm |
| 17:53 | Research | Fletching |
| 17:57 | Queue | Militia |
| 17:57 | Queue | Militia |
| 18:01 | Queue | Skirmisher |
| 18:13 | Queue | Villager (Male) |
| 18:13 | Queue | Villager (Male) |
| 18:17 | Build | Farm |
| 18:19 | Build | Farm |
| 18:26 | Build | Farm |
| 18:28 | Queue | Skirmisher |
| 18:39 | Queue | Skirmisher |
| 18:42 | Queue | Militia |
| 18:44 | Queue | Villager (Male) |
| 18:48 | Research | Scale Mail Armor |
| 18:49 | Research | Scale Mail Armor |
| 18:58 | Queue | Militia |
| 19:03 | Queue | Skirmisher |
| 19:11 | Research | Padded Archer Armor |
| 19:30 | Queue | Militia |
| 19:30 | Queue | Militia |
| 19:36 | Queue | Villager (Male) |
| 19:40 | Build | Farm |
| 19:42 | Build | Farm |
| 19:54 | Queue | Skirmisher |
| 19:54 | Queue | Skirmisher |
| 19:57 | Queue | Villager (Male) |
| 20:14 | Queue | Militia |
| 20:14 | Queue | Militia |
| 20:24 | Queue | Villager (Male) |
| 20:27 | Queue | Villager (Male) |
| 20:42 | Queue | Villager (Male) |
| 20:45 | Build | Farm |
| 20:47 | Build | Farm |
| 20:49 | Queue | Skirmisher |
| 20:49 | Queue | Skirmisher |
| 20:58 | Queue | Villager (Male) |
| 21:07 | Research | Forging |
| 21:07 | Research | Forging |
| 21:17 | Research | Wheelbarrow |
| 21:18 | Research | Wheelbarrow |
| 21:21 | Build | House |
Match timeline
| 5:07 | Pedro · first_building Barracks |
| 7:28 | frankee · first_building Barracks |
| 8:38 | frankee · wall_segment Palisade Wall x1 |
| 9:01 | frankee · wall_segment Palisade Wall x1 |
| 9:44 | frankee · age_up feudal |
| 10:23 | Pedro · age_up feudal |
| 10:30 | Pedro · first_building Archery Range |
| 11:28 | frankee · first_building Archery Range |
| 11:40 | Pedro · wall_segment Palisade Wall x1 |
| 11:43 | Pedro · wall_segment Palisade Wall x1 |
| 11:44 | Pedro · wall_segment Palisade Wall x1 |
| 12:05 | Pedro · wall_segment Palisade Wall x1 |
| 12:07 | Pedro · wall_segment Palisade Wall x1 |
| 12:23 | Pedro · wall_segment Palisade Wall x1 |
| 12:24 | Pedro · wall_segment Palisade Wall x1 |
| 12:25 | Pedro · wall_segment Palisade Wall x1 |
| 12:26 | Pedro · wall_segment Palisade Wall x1 |
| 12:26 | Pedro · wall_segment Palisade Wall x1 |
| 20:44 | Pedro · wall_segment Palisade Wall x1 |
| 20:46 | Pedro · wall_segment Palisade Wall x1 |
| 20:49 | Pedro · wall_segment Palisade Wall x1 |
| 20:51 | Pedro · wall_segment Palisade Wall x1 |
| 20:52 | Pedro · wall_segment Palisade Wall x1 |
| 20:55 | Pedro · wall_segment Palisade Wall x1 |
| 23:12 | Pedro · first_building Stable |
| 25:03 | Pedro · wall_segment Palisade Wall x1 |
| 25:04 | Pedro · wall_segment Palisade Wall x1 |
| 25:15 | Pedro · wall_segment Palisade Wall x1 |
| 25:39 | Pedro · age_up castle |
| 26:34 | Pedro · first_market_buy 100 food |
| 27:28 | frankee · age_up castle |
| 27:38 | frankee · first_market_sell 100 wood |
| 28:22 | Pedro · resign |
[ AI ANALYSIS · 1 CREDIT ]
What really happened in this match?
Wolo.gg analyzes every decision: build order, eco, micro, common mistakes by bracket. Personalized analysis on WhatsApp or Discord in 30 seconds.
Civ guide
Huns
Perfil
Pedro